 Dungeon Crawl Stone Soup version 0.25-a0-942-g87a53962fc (webtiles) character file.

Game seed: 682925141463669325, levelgen mode: deterministic

57677 Morrissey the Bringer of Light (level 14, -10/92 HPs)
             Began as a Gargoyle Fighter on May 7, 2020.
             Was the Champion of the Shining One.
             Mangled by a very large slime creature (33 damage)
             ... on level 13 of the Dungeon.
             The game lasted 00:33:08 (23381 turns).

Morrissey the Bringer of Light (Gargoyle Fighter)  Turns: 23381, Time: 00:33:09

Health: -10/92     AC: 28    Str: 28    XL:     14   Next: 87%
Magic:  24/24      EV:  7    Int: 13    God:    the Shining One [******]
Gold:   1144       SH: 14    Dex: 13    Spells: 13/13 levels left

rFire    . . .     SeeInvis +   a - +1 whip (elec)
rCold    . . .     Gourm    .   c - +0 kite shield
rNeg     + + +     Faith    .   n - +0 plate armour
rPois    ∞         Spirit   .   h - +1 helmet {Int+3}
rElec    +         Reflect  .   (no cloak)
rCorr    .         Harm     .   (no gloves)
MR       ++...                  (no boots)
Stlth    ..........             e - amulet of rage
HPRegen  0.25/turn              v - ring of Okawaru's Regard {MR+ Str+4 Dex+4}
MPRegen  0.19/turn              Z - ring of see invisible

@: flying, glowing
A: big wings, negative energy resistance 1, electricity resistance, unbreathing,
petrification resistance, rot immunity, AC +10
a: Stop Flying, Divine Shield, Cleansing Flame, Summon Divine Warrior, Brand
Weapon With Holy Wrath, Renounce Religion, Evoke Berserk Rage


You were on level 13 of the Dungeon.
You worshipped the Shining One.
The Shining One was exalted by your worship.
You were near starving.

You visited 3 branches of the dungeon, and saw 20 of its levels.
You also visited: Sewer.

You collected 1144 gold pieces.

Inventory:

Hand Weapons
 a - a +1 whip of electrocution (weapon)
 b - a +1 mace of protection
 s - the +8 storm bow {elec, penet}
   (You found it on level 12 of the Dungeon)

   It charges the ammunition it shoots with electricity; occasionally upon a
   hit, such missiles may discharge and cause terrible harm.
   Ammo fired by it will pass through the targets it hits, potentially hitting
   all targets in its path until it reaches maximum range.
 G - a +0 flail
Armour
 c - a +0 kite shield (worn)
 h - a +1 helmet of intelligence (worn)
 n - a +0 plate armour (worn)
Jewellery
 e - an amulet of rage (around neck)
 u - an uncursed ring of stealth
 v - the ring of Okawaru's Regard (left hand) {MR+ Str+4 Dex+4}
   (You found it on level 10 of the Dungeon)

   [ring of protection from magic]

   It affects your strength (+4).
   It affects your dexterity (+4).
   It affects your resistance to hostile enchantments.
 K - an uncursed ring of stealth
 M - an uncursed ring of protection from fire
 O - a +5 ring of intelligence
 P - an uncursed ring of protection from fire
 T - an uncursed ring of protection from magic
 V - an uncursed ring of ice
 W - an uncursed ring of protection from cold
 Z - a ring of see invisible (right hand)
Wands
 q - a wand of flame (50)
 t - a wand of digging (2)
 z - a wand of acid (19)
 B - a wand of paralysis (12)
 H - a wand of polymorph (25)
 X - a wand of iceblast (21)
Scrolls
 g - 9 scrolls of teleportation
 i - 8 scrolls of fear
 j - 3 scrolls of immolation
 p - 6 scrolls of amnesia {unknown}
 r - 5 scrolls of blinking {unknown}
 x - 3 scrolls of magic mapping {unknown}
 I - 8 scrolls of remove curse
 R - a scroll of brand weapon
 S - a scroll of enchant weapon
Potions
 d - 4 potions of might
 k - 4 potions of heal wounds
 m - 4 potions of haste
 o - 3 potions of flight
 A - 3 potions of brilliance {unknown}
 C - 3 potions of berserk rage {unknown}
 D - 11 potions of curing {unknown}
 F - 4 potions of lignification {unknown}
 J - 3 potions of mutation
 L - a potion of magic {unknown}
 Q - a potion of resistance {unknown}
 U - a potion of ambrosia
 Y - 2 potions of stabbing {unknown}
Miscellaneous
 N - a tin of tremorstones
Comestibles
 f - 38 rations


   Skills:
 + Level 12.4 Fighting
 - Level 12.0 Maces & Flails
 + Level 12.4 Armour
 + Level 12.5 Shields
 - Level 13.3 Invocations


You had 13 spell levels left.
You didn't know any spells.
Your spell library contained the following spells:

 Spells                   Type           Power        Failure   Level  Hunger
 Animate Skeleton         Necr           N/A          96%         1    ##.....
 Magic Dart               Conj           #...         96%         1    ##.....
 Pain                     Necr           #...         96%         1    ##.....
 Shock                    Conj/Air       #...         96%         1    ##.....
 Blink                    Tloc           N/A          99%         2    ###....
 Call Imp                 Summ           #.......     99%         2    ###....
 Corpse Rot               Necr/Air       N/A          99%         2    ###....
 Slow                     Hex            #.......     99%         2    ###....
 Swiftness                Chrm/Air       #.......     99%         2    ###....
 Conjure Flame            Conj/Fire      #.......     100%        3    ####...
 Mephitic Cloud           Conj/Pois/Air  #.......     100%        3    ####...
 Recall                   Summ/Tloc      N/A          100%        3    ####...
 Static Discharge         Conj/Air       #.......     100%        3    ####...
 Vampiric Draining        Necr           #.........   100%        3    ####...
 Airstrike                Air            #.........   100%        4    #####..
 Animate Dead             Necr           N/A          100%        4    #####..
 Dispel Undead            Necr           #.......     100%        4    #####..
 Agony                    Necr           #.......     100%        5    ######.
 Borgnjor's Vile Clutch   Necr/Erth      #.........   100%        5    ######.
 Excruciating Wounds      Chrm/Necr      #.........   100%        5    ######.
 Lightning Bolt           Conj/Air       #.........   100%        5    ######.
 Death Channel            Necr           #.........   100%        6    #######
 Simulacrum               Ice/Necr       #.........   100%        6    #######
 Sublimation of Blood     Necr           Unusable     N/A         2    N/A

Dungeon Overview and Level Annotations

Branches:
Dungeon (13/15)            Temple (1/1) D:6            Lair (6/6) D:8
  Swamp (0/4) Lair:4       Spider (0/4) Lair:2        Slime (0/5) Lair:5
    Orc (0/2) D:10          Sewer (visited)
 Vaults: D:13-14

Altars:
Ashenzari
Cheibriados
Dithmenos
Elyvilon
Fedhas
Gozag
Hepliaklqana
Kikubaaqudgha
Makhleb
Nemelex Xobeh
Okawaru
Qazlal
Ru
Sif Muna
Trog
Uskayaw
Vehumet
Wu Jian
Xom
Yredelemnul
Zin
The Shining One

Annotations:
Lair:6 exclusion: 3 oklob plants


Innate Abilities, Weirdness & Mutations

You are resistant to torment.
Your stone body is resilient. (AC +10)
You are immune to poison.
Your large and strong wings let you fly indefinitely.
You resist negative energy. (rN+)
You are resistant to electric shocks. (rElec)
You can survive without breathing.
You are immune to petrification.
You are immune to rotting.


Message History

Two slime creatures merge to form a very large slime creature.
You hit the very large slime creature but do no damage.
The very large slime creature is lightly wounded.
The yak closely misses you.
The yak gores the plant.
You hit the very large slime creature.
The very large slime creature is lightly wounded.
The orc wizard splashes around in the water.
Your shield and plate armour prevent you from hitting the very large slime creature.
The very large slime creature is lightly wounded.
The very large slime creature hits you!!!
* * * LOW HITPOINT WARNING * * *
The yak closely misses you.
The yak gores the plant.
The kobold demonologist mumbles some strange words.
You hit the yak.
The yak is lightly wounded.
The orc wizard splashes around in the water.
You hit the yak but do no damage.
The yak is lightly wounded.
The very large slime creature hits you!!
You die...

..≈≈≈≈P≈≈≈≈≈≈PP≈≈♣........
. ≈≈≈≈≈≈≈≈≈≈≈5≈≈≈≈P.......
.♣≈≈≈≈≈≈≈≈≈5≈≈.o≈≈...###
.PP♣P≈≈.≈.≈K...≈....#
.........5..........#
##.............P≈P≈##
#....P≈≈≈≈≈Yo≈♣≈≈#
##♣≈P≈≈≈≈≈PJ♣♣###
#P♣≈≈P♣≈Y@♣ ♣♣♣♣♣♣♣♣#


You could see a very large slime creature, a kobold demonologist, 2 yaks, an
iron imp, an orc wizard, a crimson imp, a white imp and an orc.

Vanquished Creatures
  Fannar (Lair:2)
  A centaur warrior (D:12)
  8 hydras
  3 two-headed ogres
  Erica (D:8)
  3 catoblepae (Lair:6)
  7 death yaks (Lair:6)
  A queen ant (Lair:2)
  Urug (Lair:2)
  A fire crab (Lair:5)
  Pikel (D:8)
  A necromancer (Lair:6)
  A cyclops (D:12)
  5 slime creatures
  2 manticores (Lair:6)
  4 elephants (Lair:4)
  3 black mambas
  A gargoyle (D:11)
  10 spiny frogs
  A rime drake (Lair:6)
  12 komodo dragons
  A polar bear (Lair:4)
  4 trolls
  4 jumping spiders (Lair:2)
  A tyrant leech (Lair:4)
  11 hippogriffs
  8 blink frogs
  6 dream sheep
  4 redbacks (Lair:2)
  A human (D:8)
  A basilisk (Lair:1)
  48 yaks
  2 steam dragons (D:12)
  3 hogs (D:8)
  3 hungry ghosts
  A swamp worm (Lair:4)
  6 water moccasins
  12 soldier ants (Lair:2)
  4 sky beasts
  Purgy (Sewer)
  6 ice beasts
  7 orc warriors
  4 porcupines
  A slave (D:8)
  5 phantoms
  A necrophage (D:10)
  9 wolves (Lair:5)
  4 centaurs
  10 crocodiles
  An ogre (D:10)
  A big kobold (D:10)
  14 bullfrogs
  2 troll zombies (D:10)
  6 scorpions
  5 wights (D:6)
  A howler monkey (D:4)
  3 vampire bats (D:6)
  A crimson imp (D:12)
  4 centaur zombies
  11 orc priests
  18 orc wizards
  A hound (D:9)
  17 jellies
  3 centaur skeletons
  Crazy Yiuf (D:5)
  A bullfrog skeleton (D:7)
  2 iguanas
  37 worker ants
  4 polar bear simulacra (Lair:6)
  A yak simulacrum (Lair:6)
  3 wolf simulacra (Lair:6)
  A killer bee zombie (D:5)
  6 ogre zombies (D:10)
  A hound zombie (D:11)
  A hound skeleton (D:11)
  16 adders
  3 shadow imps
  4 oozes
  3 adder zombies
  A worm (D:5)
  4 dart slugs
  2 leopard geckos
  44 orcs
  7 ball pythons
  A bat skeleton (D:6)
  5 bat zombies (D:6)
  4 giant cockroaches
  10 goblins
  2 hobgoblins
  10 jackals
  15 kobolds
  6 quokkas
  17 bats
  5 frilled lizards
  A goblin skeleton (D:10)
  3 goblin zombies (D:10)
  2 hobgoblin skeletons (D:10)
  2 hobgoblin zombies (D:10)
  A leopard gecko zombie (D:7)
  3 orc skeletons (D:10)
  14 orc zombies (D:10)
  A quokka skeleton (D:8)
  9 rats
  3 river rat simulacra (Lair:6)
  A fungus (D:5)
581 creatures vanquished.

Vanquished Creatures (collateral kills)
  2 yaks (Lair:6)
  A swamp worm (Lair:4)
  A bullfrog (Lair:4)
4 creatures vanquished.

Vanquished Creatures (others)
  An iguana (D:8)
  4 fungi
  4 plants
9 creatures vanquished.

Grand Total: 594 creatures vanquished

Notes
Turn   | Place    | Note
-------+----------+-------------------------------------------
     0 | D:1      | Morrissey the Gargoyle Fighter began the quest for the Orb.
     0 | D:1      | Reached XP level 1. HP: 14/14 MP: 1/1
    95 | D:1      | Reached XP level 2. HP: 16/19 MP: 2/2
   425 | D:1      | Reached XP level 3. HP: 22/23 MP: 3/3
   840 | D:2      | Reached XP level 4. HP: 28/29 MP: 4/4
  1518 | D:3      | Reached XP level 5. HP: 13/33 MP: 5/5
  1916 | D:3      | Found a white marble altar of Elyvilon.
  2425 | D:4      | Reached XP level 6. HP: 36/39 MP: 6/6
  3029 | D:5      | Entered Level 5 of the Dungeon
  3063 | D:5      | Found a runed translucent door.
  3064 | D:5      | Noticed Crazy Yiuf
  3073 | D:5      | Killed Crazy Yiuf
  3152 | D:5      | Noticed a phantom
  3187 | D:5      | Killed a phantom
  3187 | D:5      | Reached skill level 5 in Fighting
  3187 | D:5      | Reached skill level 5 in Armour
  3187 | D:5      | Reached skill level 5 in Shields
  3187 | D:5      | Reached XP level 7. HP: 30/44 MP: 7/7
  3603 | D:5      | Reached skill level 5 in Maces & Flails
  4055 | D:6      | Reached XP level 8. HP: 32/50 MP: 8/8
  4061 | D:6      | Found a glowing drain.
  4076 | Sewer    | Entered a sewer
  4176 | Sewer    | Noticed Purgy
  4187 | Sewer    | Killed Purgy
  4785 | D:6      | Found an ancient bone altar of Kikubaaqudgha.
  4889 | D:6      | Found a staircase to the Ecumenical Temple.
  4896 | Temple   | Entered the Ecumenical Temple
  5034 | Temple   | Became a worshipper of the Shining One
  5560 | D:6      | Reached XP level 9. HP: 47/56 MP: 9/9
  6023 | D:7      | Found a white marble altar of Elyvilon.
  6089 | D:7      | Reached * piety under the Shining One
  6779 | D:8      | Noticed Pikel
  6800 | D:8      | Killed Pikel
  7117 | D:8      | Found a staircase to the Lair.
  7283 | D:8      | Reached XP level 10. HP: 56/64 MP: 10/10
  7348 | D:8      | Found an ornate altar of the Wu Jian Council.
  7350 | D:8      | Found a sparkling altar of Nemelex Xobeh.
  7351 | D:8      | Found a sacrificial altar of Ru.
  7353 | D:8      | Found a stormy altar of Qazlal.
  7431 | D:8      | Noticed Erica
  7440 | D:8      | Killed Erica
  8202 | D:10     | Entered Level 10 of the Dungeon
  8293 | D:10     | Reached ** piety under the Shining One
  8306 | D:10     | Found a staircase to the Orcish Mines.
  8316 | D:10     | Reached *** piety under the Shining One
  8343 | D:10     | Reached skill level 1 in Invocations
  8398 | D:10     | Reached skill level 2 in Invocations
  8491 | D:10     | Reached skill level 10 in Maces & Flails
  8496 | D:10     | Reached **** piety under the Shining One
  8544 | D:10     | Reached skill level 3 in Invocations
  8579 | D:10     | Noticed a two-headed ogre
  8588 | D:10     | Killed a two-headed ogre
  8588 | D:10     | Reached XP level 11. HP: 69/69 MP: 13/13
  8615 | D:10     | Reached skill level 4 in Invocations
  8921 | D:10     | Got a transparent jade ring
  8998 | D:10     | Identified the ring of Okawaru's Regard {MR+ Str+4 Dex+4}
                  | (You found it on level 10 of the Dungeon)
  9551 | D:11     | Noticed a two-headed ogre
  9876 | D:11     | Killed a two-headed ogre
  9911 | D:11     | Reached skill level 5 in Invocations
 10713 | D:11     | Reached ***** piety under the Shining One
 10774 | D:11     | Reached skill level 6 in Invocations
 11327 | Lair:1   | Entered Level 1 of the Lair of Beasts
 11327 | Lair:1   | Noticed an eight-headed hydra
 11336 | Lair:1   | Killed an eight-headed hydra
 11383 | Lair:1   | Reached XP level 12. HP: 76/76 MP: 16/16
 11428 | Lair:1   | Noticed a four-headed hydra
 11438 | Lair:1   | Killed a four-headed hydra
 11568 | Lair:1   | Reached skill level 7 in Invocations
 11639 | Lair:1   | Found an opulent altar of Gozag.
 12388 | Lair:2   | Noticed a queen ant
 12414 | Lair:2   | Killed a queen ant
 12485 | Lair:2   | Reached skill level 10 in Fighting
 12503 | Lair:2   | Reached skill level 10 in Shields
 12683 | Lair:2   | Reached skill level 10 in Armour
 12683 | Lair:2   | Reached skill level 8 in Invocations
 12859 | Lair:2   | Noticed Fannar
 12881 | Lair:2   | Killed Fannar
 13106 | Lair:2   | Found a hole to the Spider Nest.
 13123 | Lair:2   | Noticed a five-headed hydra
 13130 | Lair:2   | Killed a five-headed hydra
 13245 | Lair:2   | Noticed Urug
 13256 | Lair:2   | Killed Urug
 13256 | Lair:2   | Reached skill level 9 in Invocations
 13440 | Lair:2   | Reached XP level 13. HP: 83/83 MP: 19/19
 14276 | Lair:3   | Reached skill level 10 in Invocations
 16415 | Lair:4   | Found a staircase to the Swamp.
 16914 | Lair:5   | Reached skill level 11 in Invocations
 17792 | Lair:5   | Found a staircase to the Slime Pits.
 18493 | Lair:6   | Entered Level 6 of the Lair of Beasts
 18987 | Lair:5   | Gained mutation: Your large and strong wings let you fly
                  | indefinitely. [Gargoyle growth]
 18987 | Lair:5   | Reached XP level 14. HP: 49/90 MP: 22/22
 19351 | Lair:6   | Reached skill level 12 in Invocations
 21492 | Lair:6   | Reached skill level 13 in Invocations
 22399 | D:12     | Found the +8 storm bow {elec, penet}
 23316 | D:13     | Reached ****** piety under the Shining One
 23381 | D:13     | Mangled by a very large slime creature

Levels and vault maps discovered:
D:1:      mrwooster_arrival_statue, layout_basic, minmay_pentomino_t4
D:2:      layout_loops_cross, first_ration
D:3:      layout_rooms, elyvilon_altar_4
D:4:      layout_basic
D:5:      layout_cave_pools, uniq_crazy_yiuf_cottage
D:6:      layout_cave_pools, kennysheep_vampire_church, temple_fountains,
          portal_sewer_entry_b
D:7:      layout_gridville, old_standard_altar, minivault_5
D:8:      layout_loops_cross, grunt_temple_overflow_open, lair_entry_dummy,
          grunt_livestock, kennysheep_boxes, uniq_pikel, uniq_erica
D:9:      layout_rooms
D:10:     layout_irregular_city, zombieorc2_lemuel, minmay_starry_boxes
D:11:     layout_basic
D:12:     layout_irregular_city
D:13:     layout_cross, david_vaults_2, serial_bayou, serial_bayou_pond_e,
          serial_bayou_ford_a, serial_bayou_lagoon_b, serial_bayou_shore_a,
          serial_bayou_pond_c
Temple:   eino_temple_rhombus
Lair:1:   wad_woods_stonehenge, layout_regular_city, st_stairs_8,
          guppyfry_lair_drakes, lemuel_fruit_tree
Lair:2:   layout_gridlike, nicolae_spider_entry_tight_spaces, zaba_anthell,
          serial_bayou_shore_b, uniq_urug, uniq_fannar
Lair:3:   layout_regular_city
Lair:4:   layout_layer_cave, minmay_swamp_entry_worms, beast_lair_carwin_1,
          serial_bayou_shore_b, infiniplex_staircase_pool
Lair:5:   layout_roguey, minmay_slime_entry_jelly_boxes, grunt_megastairs_4
Lair:6:   evilmike_catoblepas_cave, layout_regular_city, eino_house_with_fridge,
          grunt_megastairs_2, minmay_lair_oklob_chamber

Skill      XL: |  1  2  3  4  5  6  7  8  9 10 11 12 13 14 |
---------------+-------------------------------------------+-----
Fighting       | 4 5 6 7 8 9 10 11 12 | 12.4
Shields        | 4 5 6 7 8 9 10 11 12 | 12.5
Armour         | 4 5 6 7 8 9 10 11 12 | 12.4
Maces & Flails | 3 4 5 7 8 10 11 12 | 12.0
Invocations    | 3 6 9 11 13 | 13.3

Action                   |  1- 3 |  4- 6 |  7- 9 | 10-12 | 13-15 || total
-------------------------+-------+-------+-------+-------+-------++-------
Melee: Flail             |   158 |   339 |   436 |       |       ||   933
       Whip              |       |       |    49 |   874 |  1174 ||  2097
Invok: Summon Divine War |       |       |       |       |     2 ||     2
 Abil: Evoke Berserk Rag |       |       |     3 |     4 |       ||     7
       Fly               |       |       |       |       |     1 ||     1
  Use: Scroll            |       |    10 |     4 |     4 |     6 ||    24
       Potion            |       |       |       |       |     1 ||     1
  Eat: Chunk             |       |     7 |    15 |    18 |    25 ||    65
       Ration            |       |       |     1 |     2 |     2 ||     5
Armor: Scale mail        |    49 |       |       |       |       ||    49
       Chain mail        |    38 |       |       |       |       ||    38
       Plate armour      |    28 |   312 |   386 |   342 |   480 ||  1548
Dodge: Dodged            |    51 |    83 |    80 |   124 |   207 ||   545
Block: Kite shield       |   100 |   244 |   274 |   347 |   547 ||  1512

Table legend:
 A = Non-vault XP
 B = Vault XP
 C = Vault XP percentage of total XP
 D = Non-vault monster count
 E = Vault monster count
 F = Vault count percentage of total count
                 A         B        C        D         E       F
            +---------+---------+-------+---------+---------+-------
      Total |   49840 |   32557 |  39.5 |     386 |     198 |  33.9
            +---------+---------+-------+---------+---------+-------
        D:1 |      54 |       3 |   5.3 |      28 |       2 |   6.7
        D:2 |      58 |       0 |   0.0 |      23 |       0 |   0.0
        D:3 |     126 |       0 |   0.0 |      26 |       0 |   0.0
        D:4 |     267 |       0 |   0.0 |      20 |       0 |   0.0
        D:5 |     468 |      39 |   7.7 |      12 |       1 |   7.7
        D:6 |    1091 |     182 |  14.3 |      27 |      13 |  32.5
        D:7 |     497 |       0 |   0.0 |      10 |       0 |   0.0
        D:8 |     271 |    2512 |  90.3 |      13 |       7 |  35.0
        D:9 |    1033 |       0 |   0.0 |      21 |       0 |   0.0
       D:10 |    2569 |    1411 |  35.5 |      14 |      41 |  74.5
       D:11 |    6403 |       0 |   0.0 |      40 |       0 |   0.0
       D:12 |    6890 |       0 |   0.0 |      46 |       0 |   0.0
       D:13 |     851 |       0 |   0.0 |       5 |       0 |   0.0
     Lair:1 |    3207 |    1357 |  29.7 |       7 |       6 |  46.2
     Lair:2 |    3818 |    7659 |  66.7 |      12 |      52 |  81.2
     Lair:3 |    5925 |       0 |   0.0 |      27 |       0 |   0.0
     Lair:4 |    4438 |    2634 |  37.2 |      12 |       9 |  42.9
     Lair:5 |    5822 |    2797 |  32.5 |      20 |      23 |  53.5
     Lair:6 |    6052 |   13820 |  69.5 |      23 |      38 |  62.3
      Sewer |       0 |     143 | 100.0 |       0 |       6 | 100.0
            +---------+---------+-------+---------+---------+-------
